 Dungeon Crawl Stone Soup version 0.30-a0-169-g06f667207d (webtiles) character file.

Game seed: 15052699493253778690

362 qw the Chopper (level 6, -6/38 HPs)
             Began as a Gargoyle Fighter on Sept 29, 2022.
             Was an Initiate of Okawaru.
             Mangled by a black bear (8 damage)
             ... on level 5 of the Dungeon.
             The game lasted 00:01:08 (2713 turns).

qw the Chopper (Gargoyle Fighter)                   Turns: 2713, Time: 00:01:09

Health: -6/38      AC: 11    Str: 21    XL:     6   Next: 66%
Magic:  6/6        EV:  9    Int:  9    God:    Okawaru [......]
Gold:   132        SH:  4    Dex:  9    Spells: 5/5 levels left

rFire   . . .      SeeInvis +    g - +0 broad axe
rCold   . . .      Faith    .    c - +0 buckler
rNeg    + . .      Spirit   .    b - +0 scale mail
rPois   inf        Reflect  .    (no helmet)
rElec   +          Harm     .    (no cloak)
rCorr   .          Rampage  .    (no gloves)
Will    .....                    (no boots)
Stlth   ..........               l - amulet of regeneration
HPRegen 0.92/turn                j - ring of see invisible
MPRegen 0.10/turn                (no ring)

@: about to teleport
A: sickness immunity, AC +4, negative energy resistance 1, electricity
resistance, torment resistance 1, petrification resistance
a: Renounce Religion


You were on level 5 of the Dungeon.
You worshipped Okawaru.
Okawaru was noncommittal.
You visited 2 branches of the dungeon, and saw 6 of its levels.

You collected 132 gold pieces.


Innate Abilities, Weirdness & Mutations

You are immune to sickness and miasma.
Your stone body is resilient. (AC +4)
You are immune to poison.
You resist negative energy. (rN+)
You are resistant to electric shocks. (rElec)
You are resistant to unholy torment.
You are immune to petrification.


   Skills:
 - Level 4.2 Fighting
 + Level 5.5 Axes
 - Level 3.2 Armour
 - Level 1.3 Dodging
 - Level 3.2 Shields


You had 5 spell levels left.
You didn't know any spells.
Your spell library was empty.

Inventory:

Hand Weapons
 g - a +0 broad axe (weapon)
 p - a +0 flail
Armour
 b - a +0 scale mail (worn)
 c - a +0 buckler (worn)
Jewellery
 j - a ring of see invisible (left hand)
 l - an amulet of regeneration (around neck)
Scrolls
 k - a scroll of identify
 m - a scroll of teleportation
Potions
 d - 2 potions of might
 e - a potion of curing
 f - a potion of invisibility {unknown}
 h - 2 potions of heal wounds
 i - a potion of brilliance {unknown}
 n - a potion of ambrosia {unknown}
 o - a potion of lignification {unknown}

Dungeon Overview and Level Annotations

Branches:
Dungeon (5/15)             Temple (1/1) D:4

Altars:
Ashenzari
Cheibriados
Dithmenos
Elyvilon
Fedhas
Gozag
Hepliaklqana
Kikubaaqudgha
Makhleb
Nemelex Xobeh
Okawaru
Qazlal
Ru
Sif Muna
Trog
Uskayaw
Vehumet
Wu Jian
Xom
Yredelemnul
Zin
The Shining One


Message History

The black bear bites you but does no damage.
The black bear claws you but does no damage.
The black bear claws you.
You closely miss the black bear.
You block the black bear's attack. x2; The black bear closely misses you.
You barely miss the black bear. The black bear bites you.
The black bear claws you but does no damage. x2
The black bear completely misses you.
The black bear claws you but does no damage. x2
You completely miss the black bear. The black bear barely misses you.
You block the black bear's attack. x2
You slash the black bear!
The black bear is heavily wounded.
The black bear closely misses you.
The black bear claws you but does no damage. x2
You block the black bear's attack.
The black bear claws you but does no damage. x2
You hit the black bear but do no damage.
The black bear is heavily wounded.
The black bear completely misses you.
The black bear claws you but does no damage.
The black bear claws you.
You slash the black bear!
The black bear is severely wounded.
The black bear goes berserk!
You slash the black bear!
The black bear is almost dead.
The black bear bites you. The black bear claws you. x2
The black bear bites you but does no damage.
The black bear barely misses you.
The black bear claws you but does no damage.
The black bear bites you but does no damage.
The black bear claws you.
The black bear claws you but does no damage.
2713 ||| READING 2 scrolls of teleportation.
As you read the scroll of teleportation, it crumbles to dust.
You feel strangely unstable. The black bear bites you!
You die...

# #.
###.# ###
.... ..#
#...#.#
#...#.###
#...h@.[#
#.#.#<#.#
.. #.# #
## ...
##.## ###


You could see a black bear (berserk).

Vanquished Creatures
  A black bear (D:5)
  A necrophage (D:3)
  Natasha (thrice) (D:4)
  An orc wizard (D:4)
  6 adders
  2 worms (D:3)
  5 orcs
  5 bats
  2 endoplasms
  2 giant cockroaches
  6 goblins
  5 hobgoblins
  3 jackals (D:4)
  2 quokkas
  4 ball pythons
  A frilled lizard (D:2)
  6 kobolds
  3 rats
58 creatures vanquished.

Notes
Turn   | Place    | Note
-------+----------+-------------------------------------------
     0 | D:1      | qw the Gargoyle Fighter began the quest for the Orb.
     0 | D:1      | Reached XP level 1. HP: 14/14 MP: 1/1
     0 | D:1      | 0 ||| qw: Version: 0.2-a-12-gaebbb33
     0 | D:1      | 0 ||| qw: Game counter: 1267
     0 | D:1      | 0 ||| qw: Always use a shield: true
     0 | D:1      | 0 ||| qw: God list: Okawaru
     0 | D:1      | 0 ||| qw: Allow faded altars: false
     0 | D:1      | 0 ||| qw: Do Orc after D:15 true
     0 | D:1      | 0 ||| qw: Do second Lair branch before Depths: true
     0 | D:1      | 0 ||| qw: Lair rune preference: random
     0 | D:1      | 0 ||| qw: Plans: Normal, Zot:1-4, God:TSO, Crypt, Tomb,
                  | Pan, Slime:5, Hells, Abyss, Orb
     0 | D:1      | 0 ||| PLANNING D:1-11
    69 | D:1      | Found a faded altar of an unknown god.
   161 | D:1      | Reached skill level 2 in Axes
   235 | D:1      | 235 ||| DROPPING +0 club.
   382 | D:1      | Reached XP level 2. HP: 19/19 MP: 2/2
   619 | D:1      | 619 ||| READING scroll labelled EXYBET DIXIA.
   697 | D:2      | 697 ||| Stepping ~*~*~tactically~*~*~ (stealth).
   699 | D:2      | 699 ||| Stepping ~*~*~tactically~*~*~ (stealth).
   700 | D:2      | 700 ||| Stepping ~*~*~tactically~*~*~ (stealth).
   724 | D:2      | Reached skill level 3 in Axes
   789 | D:2      | 789 ||| Stepping ~*~*~tactically~*~*~ (stealth).
   812 | D:2      | Reached XP level 3. HP: 23/23 MP: 3/3
  1120 | D:2      | 1120 ||| UPGRADING to amulet of regeneration.
  1125 | D:2      | 1125 ||| READING scroll labelled ACIR JUCUR.
  1126 | D:2      | 1126 ||| READING 3 scrolls labelled OQENASAQOICK.
  1127 | D:2      | 1127 ||| READING scroll labelled SOWETHR KO LORCH.
  1131 | D:2      | 1131 ||| READING 2 scrolls labelled XUECIS EVE.
  1132 | D:2      | 1132 ||| DRINKING 2 golden potions.
  1133 | D:2      | 1133 ||| DROPPING 2 scrolls of poison.
  1134 | D:2      | 1134 ||| DROPPING potion of flight.
  1161 | D:3      | 1161 ||| STAIRDANCE
  1195 | D:3      | Reached XP level 4. HP: 28/28 MP: 4/4
  1351 | D:3      | 1351 ||| Stepping ~*~*~tactically~*~*~ (stealth).
  1352 | D:3      | 1352 ||| Stepping ~*~*~tactically~*~*~ (stealth).
  1353 | D:3      | 1353 ||| SWAPPING to +0 broad axe.
  1357 | D:3      | Reached skill level 4 in Axes
  1357 | D:3      | 1357 ||| DROPPING +0 war axe.
  1414 | D:3      | 1414 ||| Stepping ~*~*~tactically~*~*~ (stealth).
  1489 | D:3      | Found an opulent altar of Gozag.
  1490 | D:3      | Found a bloodstained altar of Trog.
  1490 | D:3      | Found a glowing silver altar of Zin.
  1491 | D:3      | Found a sacrificial altar of Ru.
  1491 | D:3      | Found a radiant altar of Vehumet.
  1558 | D:3      | Noticed a necrophage
  1572 | D:3      | Killed a necrophage
  1573 | D:3      | Reached XP level 5. HP: 32/32 MP: 5/5
  1581 | D:3      | Reached skill level 5 in Axes
  1645 | D:3      | 1645 ||| DROPPING amulet of the acrobat.
  1646 | D:3      | 1646 ||| UPGRADING to ring of see invisible.
  1673 | D:4      | 1673 ||| Stepping ~*~*~tactically~*~*~ (stealth).
  1674 | D:4      | 1674 ||| Stepping ~*~*~tactically~*~*~ (stealth).
  1675 | D:4      | 1675 ||| Stepping ~*~*~tactically~*~*~ (stealth).
  1720 | D:4      | Found a staircase to the Ecumenical Temple.
  1721 | D:4      | 1721 ||| PLANNING TEMPLE
  1728 | Temple   | Entered the Ecumenical Temple
  1810 | Temple   | 1810 ||| PLANNING OKAWARU WORSHIP
  2025 | Temple   | Became a worshipper of Warmaster Okawaru
  2026 | Temple   | 2026 ||| PLANNING D:1-11
  2234 | D:4      | 2234 ||| Stepping ~*~*~tactically~*~*~ (stealth).
  2235 | D:4      | 2235 ||| Stepping ~*~*~tactically~*~*~ (stealth).
  2244 | D:4      | 2244 ||| Stepping ~*~*~tactically~*~*~ (stealth).
  2259 | D:4      | 2259 ||| Stepping ~*~*~tactically~*~*~ (hiding).
  2260 | D:4      | 2260 ||| Stepping ~*~*~tactically~*~*~ (hiding).
  2261 | D:4      | 2261 ||| Stepping ~*~*~tactically~*~*~ (hiding).
  2277 | D:4      | 2277 ||| DROPPING +0 whip.
  2341 | D:4      | Noticed Natasha
  2352 | D:4      | Killed Natasha
  2372 | D:4      | Noticed Natasha
  2386 | D:4      | Killed Natasha
  2387 | D:4      | Reached XP level 6. HP: 34/38 MP: 6/6
  2399 | D:4      | Noticed Natasha
  2408 | D:4      | Killed Natasha
  2409 | D:4      | Reached skill level 1 in Dodging
  2666 | D:4      | 2666 ||| DRINKING 3 fizzy yellow potions.
  2667 | D:4      | 2667 ||| READING 2 scrolls of identify.
  2667 | D:4      | 2667 ||| IDENTIFYING murky white potion
  2668 | D:4      | 2668 ||| DROPPING potion of degeneration.
  2693 | D:5      | Entered Level 5 of the Dungeon
  2694 | D:5      | Noticed a black bear
  2699 | D:5      | Noticed a black bear
  2704 | D:5      | Killed a black bear
  2712 | D:5      | HP: 8/38 [black bear (3)]
  2712 | D:5      | HP: 1/38 [black bear (6)]
  2713 | D:5      | 2713 ||| READING 2 scrolls of teleportation.
  2713 | D:5      | Mangled by a black bear

Levels and vault maps discovered:
D:1:      minmay_arrival_cross, layout_loops_ring,
          shapermc_ecumenical_altar_acropolis
D:2:      layout_rooms, st_stairs_10
D:3:      layout_basic, grunt_temple_overflow_open
D:4:      layout_basic, minmay_temple_entry_junction, nrook_campfire,
          uniq_natasha
D:5:      layout_basic, serial_shops, shop, uniq_ijyb, uniq_prince_ribbit1
Temple:   minmay_temple_bridge_d

Skill      XL: |  1  2  3  4  5  6 |
---------------+-------------------+-----
Axes           | 2 3 4 5 |  5.5
Fighting       | 4 |  4.2
Dodging        | 1 |  1.3
Armour         | |  3.2
Shields        | |  3.2

Action                   |  1- 3 |  4- 6 || total
-------------------------+-------+-------++-------
Melee: War axe           |    76 |     7 ||    83
       Broad axe         |       |   105 ||   105
  Use: Scroll            |     5 |     2 ||     7
       Potion            |     1 |     1 ||     2
Armor: Scale mail        |    32 |    84 ||   116
Dodge: Dodged            |    34 |    64 ||    98
Block: Buckler           |    17 |    26 ||    43

Table legend:
 A = Non-vault XP
 B = Vault XP
 C = Vault XP percentage of total XP
 D = Non-vault monster count
 E = Vault monster count
 F = Vault count percentage of total count
                 A         B        C        D         E       F
            +---------+---------+-------+---------+---------+-------
      Total |     480 |      38 |   7.3 |      55 |       3 |   5.2
            +---------+---------+-------+---------+---------+-------
        D:1 |      10 |       0 |   0.0 |       6 |       0 |   0.0
        D:2 |      58 |       3 |   4.9 |      16 |       2 |  11.1
        D:3 |     158 |       0 |   0.0 |      18 |       0 |   0.0
        D:4 |     128 |      35 |  21.5 |      14 |       1 |   6.7
        D:5 |     126 |       0 |   0.0 |       1 |       0 |   0.0
            +---------+---------+-------+---------+---------+-------
